 Dungeon Crawl Stone Soup version 0.29.0-4-gdea44cf6ec (webtiles) character file.

Game seed: 14103080013166507258

152 qw the Chopper (level 5, 0/30 HPs)
             Began as a Tengu Warper on Aug 28, 2022.
             Slain by a centaur (6 damage)
             ... on level 5 of the Dungeon.
             The game lasted 00:00:18 (3058 turns).

qw the Chopper (Tengu Warper)                       Turns: 3058, Time: 00:00:19

Health: 0/30       AC:  6    Str: 14    XL:     5   Next: 34%
Magic:  9/9        EV: 15    Int: 13    God:
Gold:   117        SH:  0    Dex: 13    Spells: 8/8 levels left

rFire   . . .      SeeInvis .   Y - +0 hand axe
rCold   . . .      Faith    .   (no shield)
rNeg    . . .      Spirit   .   d - +0 scale mail
rPois   .          Reflect  .   (helmet restricted)
rElec   .          Harm     .   (no cloak)
rCorr   .          Rampage  .   (no gloves)
Will    .....                   (boots unavailable)
Stlth   ..........              (no amulet)
HPRegen 0.10/turn               h - +4 ring of evasion
MPRegen 0.11/turn               (no ring)

@: flying quickly and evasively, quick
A: beak, talons 3, nimble flight
a: no special abilities


You were on level 5 of the Dungeon.
You visited 1 branch of the dungeon, and saw 5 of its levels.

You collected 144 gold pieces.
You spent 27 gold pieces at shops.


Innate Abilities, Weirdness & Mutations

You have a beak for a mouth.
You have claws for feet.
Your magical nature lets you fly swiftly and evasively.


   Skills:
 - Level 2.0 Fighting
 + Level 5.9 Axes
 - Level 1.0 Throwing
 - Level 1.1 Armour
 - Level 2.1 Dodging
 - Level 2.0 Spellcasting
 - Level 2.4 Translocations


You had 8 spell levels left.
You didn't know any spells.
Your spell library contained the following spells:

 Spells                   Type           Power      Damage    Failure   Level
 Blink                    Tloc           14%        N/A       54%         2
 Gell's Gravitas          Tloc           7%         N/A       77%         3
 Lesser Beckoning         Tloc           7%         N/A       77%         3
 Teleport Other           Tloc           7%         N/A       77%         3
 Manifold Assault         Tloc           7%         N/A       100%        5

Inventory:

Hand Weapons
 j - a +0 flail
 Y - a +0 hand axe (weapon)
Armour
 d - a +0 scale mail (worn)
Jewellery
 a - a ring of poison resistance
 f - a ring of positive energy
 h - a +4 ring of evasion (left hand)
Scrolls
 b - 4 scrolls of identify
Potions
 c - 2 potions of cancellation
 e - a potion of curing
 k - a potion of invisibility {unknown}

Dungeon Overview and Level Annotations

Branches:
Dungeon (4/15)
 Temple: D:4-7

Altars:

Shops:
D:2 *

Annotations:
D:4 Ijyb


Message History

The hound barely misses you.
You barely miss the hound. Your kick misses the hound.
Your peck misses the hound.
The hound is almost dead.
You barely miss the centaur. The centaur hits you. The centaur misses you.
The hound misses you.
The centaur hits you but does no damage.
The centaur kicks you. The hound bites you.
You barely miss the hound.
The hound is almost dead.
You hit the centaur.
The centaur hits you but does no damage.
The centaur kicks you but does no damage.
The hound bites you but does no damage.
You hit the hound.
The hound is almost dead.
You barely miss the centaur. The centaur completely misses you.
The centaur barely misses you. The hound closely misses you.
The centaur closely misses you. The centaur barely misses you.
The hound bites you.
You hit the hound but do no damage.
The hound is almost dead.
You hit the centaur but do no damage.
The centaur hits you but does no damage.
The centaur barely misses you. The hound barely misses you.
You barely miss the hound. Your kick misses the hound.
The hound is almost dead.
You hit the centaur but do no damage. The centaur barely misses you.
The centaur misses you. The hound bites you. The centaur barely misses you.
The centaur completely misses you. The hound closely misses you.
You miss the hound.
The hound is almost dead.
You hit the centaur but do no damage. The centaur misses you.
The centaur closely misses you. The hound misses you.
You hit the hound.
You kill the hound!
You hit the centaur. The centaur hits you.
You die...

.. #. #.
#. #. #
#$####.##.
#..c......
#.@.......
##.#.##.#.
#.# # #.#
# ###.#.#
#.....#
#.#.###
#.#.#
#.#..


You could see a centaur.

Vanquished Creatures
  A bullfrog (D:4)
  A hound (D:5)
  2 adders (D:2)
  A worm (D:3)
  5 dart slugs
  5 bats
  5 endoplasms
  2 giant cockroaches
  6 goblins
  A hobgoblin (D:1)
  5 jackals
  7 kobolds
  2 quokkas
  5 ball pythons
  2 frilled lizards
  6 rats
56 creatures vanquished.

Notes
Turn   | Place    | Note
-------+----------+-------------------------------------------
     0 | D:1      | qw the Tengu Warper began the quest for the Orb.
     0 | D:1      | Reached XP level 1. HP: 12/12 MP: 4/4
     0 | D:1      | 0 ||| qw: Version: 0.1-a-89-g26bdef1
     0 | D:1      | 0 ||| qw: Game counter: 3249
     0 | D:1      | 0 ||| qw: Always use a shield: true
     0 | D:1      | 0 ||| qw: God list: Okawaru
     0 | D:1      | 0 ||| qw: Allow faded altars: false
     0 | D:1      | 0 ||| qw: Do Orc after D:15 true
     0 | D:1      | 0 ||| qw: Do second Lair branch before Depths: true
     0 | D:1      | 0 ||| qw: Lair rune preference: random
     0 | D:1      | 0 ||| qw: Plans: Normal
     0 | D:1      | 0 ||| PLANNING D:1-11
    97 | D:1      | 97 ||| Stepping ~*~*~tactically~*~*~ (stealth).
   107 | D:1      | Reached XP level 2. HP: 11/17 MP: 6/6
   225 | D:1      | Reached skill level 3 in Axes
   486 | D:1      | 486 ||| Stepping ~*~*~tactically~*~*~ (stealth).
   487 | D:1      | 487 ||| Stepping ~*~*~tactically~*~*~ (stealth).
   504 | D:1      | Reached XP level 3. HP: 21/21 MP: 7/7
   652 | D:1      | 652 ||| UPGRADING to +0 scale mail.
   662 | D:1      | 662 ||| DROPPING +0 leather armour.
   663 | D:1      | 663 ||| DROPPING +0 ring mail.
   664 | D:1      | 664 ||| UPGRADING to +4 ring of evasion.
   665 | D:1      | 665 ||| READING scroll labelled FUPUWK UCOOCZO.
   668 | D:1      | 668 ||| READING scroll labelled MUZOIS FIRCH.
   669 | D:1      | 669 ||| DROPPING scroll of blinking.
   771 | D:2      | 771 ||| Stepping ~*~*~tactically~*~*~ (stealth).
   772 | D:2      | 772 ||| DROPPING +0 club.
   773 | D:2      | 773 ||| Stepping ~*~*~tactically~*~*~ (stealth).
   774 | D:2      | 774 ||| Stepping ~*~*~tactically~*~*~ (stealth).
   775 | D:2      | 775 ||| Stepping ~*~*~tactically~*~*~ (stealth).
   776 | D:2      | 776 ||| Stepping ~*~*~tactically~*~*~ (stealth).
   783 | D:2      | Reached skill level 4 in Axes
   893 | D:2      | Found Vourrant's Assorted Antiques.
   897 | D:2      | 897 ||| BUYING clear potion (27 gold).
   897 | D:2      | Bought a clear potion for 27 gold pieces
   897 | D:2      | 897 ||| SHOPLISTING cyan potion (27 gold, have 19).
   897 | D:2      | 897 ||| SHOPLISTING heavily runed sapphire amulet (150
                  | gold, have 19).
   897 | D:2      | 897 ||| SHOPLISTING scroll labelled VOGIKL LAUFOYDA (30
                  | gold, have 19).
   897 | D:2      | 897 ||| SHOPLISTING scroll of teleportation (90 gold, have
                  | 19).
   932 | D:2      | 932 ||| Stepping ~*~*~tactically~*~*~ (hiding).
  1197 | D:2      | Reached XP level 4. HP: 26/26 MP: 8/8
  1510 | D:2      | 1510 ||| READING scroll labelled WINUNU ROEGAYM.
  1511 | D:2      | 1511 ||| DRINKING 3 fizzy grey potions.
  1512 | D:2      | 1512 ||| READING 4 scrolls of identify.
  1512 | D:2      | 1512 ||| IDENTIFYING clear potion
  1513 | D:2      | 1513 ||| READING 3 scrolls of identify.
  1513 | D:2      | 1513 ||| IDENTIFYING yellow potion
  1514 | D:2      | 1514 ||| READING 2 scrolls of identify.
  1514 | D:2      | 1514 ||| IDENTIFYING glowing pink potion
  1515 | D:2      | 1515 ||| DROPPING potion of flight.
  1516 | D:2      | 1516 ||| DROPPING potion of attraction.
  1517 | D:2      | 1517 ||| DROPPING potion of degeneration.
  1538 | D:3      | 1538 ||| Stepping ~*~*~tactically~*~*~ (stealth).
  1658 | D:3      | Identified the +3 trident of Eternal Vigilance {speed,
                  | +Blink rC+ Dex+4}
  1682 | D:3      | 1682 ||| Stepping ~*~*~tactically~*~*~ (stealth).
  1857 | D:3      | 1857 ||| DROPPING +0 mace.
  1976 | D:3      | Found a faded altar of an unknown god.
  2154 | D:3      | 2154 ||| READING scroll labelled CUFEOC UCSACIA.
  2155 | D:3      | 2155 ||| READING scroll labelled JIXKIPNAMN.
  2156 | D:3      | 2156 ||| DRINKING 2 fuming purple potions.
  2209 | D:3      | 2209 ||| READING 2 scrolls of identify.
  2209 | D:3      | 2209 ||| IDENTIFYING green potion
  2210 | D:3      | 2210 ||| DROPPING potion of lignification.
  2282 | D:4      | Reached skill level 5 in Axes
  2356 | D:4      | Noticed Ijyb
  2367 | D:4      | HP: 3/26 [Ijyb/puff of flame (9)]
  2368 | D:4      | 2368 ||| READING 2 scrolls of teleportation.
  2371 | D:4      | 2371 ||| READING scroll of teleportation.
  2372 | D:4      | Identified the +1 helmet of Gury {rPois Int+4}
  2666 | D:4      | Noticed a bullfrog
  2674 | D:4      | Killed a bullfrog
  2675 | D:4      | Gained mutation: Your magical nature lets you fly swiftly
                  | and evasively. [Tengu growth]
  2675 | D:4      | Reached XP level 5. HP: 10/30 MP: 9/9
  2907 | D:4      | 2907 ||| Stepping ~*~*~tactically~*~*~ (stealth).
  2908 | D:4      | 2908 ||| Stepping ~*~*~tactically~*~*~ (stealth).
  2911 | D:4      | 2911 ||| Stepping ~*~*~tactically~*~*~ (hiding).
  2913 | D:4      | 2913 ||| Stepping ~*~*~tactically~*~*~ (hiding).
  3022 | D:4      | You are sucked into a shaft and drop 1 floor!
  3022 | D:5      | Entered Level 5 of the Dungeon
  3048 | D:5      | Noticed a centaur
  3056 | D:5      | HP: 5/30 [hound (3)]
  3058 | D:5      | Slain by a centaur

Levels and vault maps discovered:
D:1:      scummos_arrival_forest, layout_rooms
D:2:      layout_basic, serial_shops, shop
D:3:      layout_basic, hellmonk_ecumenical_altar_crossroads
D:4:      layout_gridville, uniq_ijyb
D:5:      layout_loops_ring, nicolae_overflow_crystal_walls,
          mainiacjoe_overflow_tiny_flanked

Skill      XL: |  1  2  3  4 |
---------------+-------------+-----
Axes           | 3 4 5 |  5.9
Fighting       | |  2.0
Throwing       | |  1.0
Armour         | |  1.1
Dodging        | |  2.1
Spellcasting   | |  2.0
Translocations | |  2.4

Action                   |  1- 3 |  4- 6 || total
-------------------------+-------+-------++-------
Melee: Hand axe          |    78 |    80 ||   158
       Peck              |    10 |     8 ||    18
       Kick              |    18 |    21 ||    39
       Punch             |       |     2 ||     2
Throw: Boomerang         |     7 |       ||     7
  Use: Scroll            |     2 |     9 ||    11
       Potion            |       |     2 ||     2
Armor: Leather armour    |     8 |       ||     8
       Scale mail        |    12 |    28 ||    40
Dodge: Dodged            |    42 |    56 ||    98

Table legend:
 A = Non-vault XP
 B = Vault XP
 C = Vault XP percentage of total XP
 D = Non-vault monster count
 E = Vault monster count
 F = Vault count percentage of total count
                 A         B        C        D         E       F
            +---------+---------+-------+---------+---------+-------
      Total |     264 |       0 |   0.0 |      56 |       0 |   0.0
            +---------+---------+-------+---------+---------+-------
        D:1 |      36 |       0 |   0.0 |      22 |       0 |   0.0
        D:2 |      49 |       0 |   0.0 |      16 |       0 |   0.0
        D:3 |      28 |       0 |   0.0 |      13 |       0 |   0.0
        D:4 |     105 |       0 |   0.0 |       4 |       0 |   0.0
        D:5 |      46 |       0 |   0.0 |       1 |       0 |   0.0
            +---------+---------+-------+---------+---------+-------
